 Dungeon Crawl Stone Soup version 0.31-a0-819-gf6de2f5ab6 (webtiles) character file.

Game seed: 8160651854038672665

210 qw the Shooter (level 5, 0/33 HPs)
             Began as a Gargoyle Hunter on Sept 23, 2023.
             Slain by a gnoll sergeant
             ... wielding a +0 spear
              (10 damage)
             ... on level 3 of the Dungeon.
             The game lasted 00:00:54 (2148 turns).

qw the Shooter (Gargoyle Hunter)                    Turns: 2148, Time: 00:00:55

Health: 0/33       AC:  7    Str: 15    XL:     5   Next: 88%
Magic:  5/5        EV: 11    Int:  9    God:
Gold:   133        SH:  0    Dex: 15    Spells: 4/4 levels left

rFire   . . .        Y - +0 shortbow
rCold   . . .        (shield currently unavailable)
rNeg    + . .        c - +0 leather armour
rPois   inf          (no helmet)
rElec   +            (no cloak)
rCorr   .            (no gloves)
SInv    .            (no boots)
Will    .....        (no amulet)
Stlth   ++           (no ring)
HPRegen 0.25/turn    (no ring)
MPRegen 0.09/turn

%: no passive effects
@: no status effects
A: sickness immunity, AC +4, negative energy resistance 1, electricity
resistance, torment resistance 1, petrification resistance
a: no special abilities


You were on level 3 of the Dungeon.
You visited 1 branch of the dungeon, and saw 3 of its levels.

You collected 133 gold pieces.


Innate Abilities, Weirdness & Mutations

You are immune to sickness and miasma.
Your stone body is resilient. (AC +4)
You are immune to poison.
You resist negative energy. (rN+)
You are resistant to electric shocks. (rElec)
You are resistant to unholy torment.
You are immune to petrification.


   Skills:
 - Level 4.0 Fighting
 + Level 6.1 Ranged Weapons
 - Level 1.5 Dodging
 - Level 1.1 Stealth


You had 4 spell levels left.
You didn't know any spells.
Your spell library was empty.

Inventory:

Hand Weapons
 Y - a +0 shortbow (weapon)
Armour
 c - a +0 leather armour (worn)
 i - a +0 ring mail
Jewellery
 f - a ring of fire
Scrolls
 e - 2 scrolls of identify
 j - a scroll of enchant armour {unknown}
Potions
 a - 2 potions of haste {unknown}
 b - a potion of degeneration {unknown}
 d - a potion of heal wounds {unknown}
 h - 2 potions of curing {unknown}
 k - a potion of magic {unknown}

Dungeon Overview and Level Annotations

Branches:
Dungeon (3/15)

Altars:


Message History

The orc wizard flickers and vanishes!
The gnoll hits you with a +0 whip.
You shoot an arrow. The arrow barely misses the gnoll.
The arrow completely misses the orc.
The arrow hits the orc.
The orc is heavily wounded.
The gnoll hits you with a +0 whip!
You shoot an arrow. The arrow hits the gnoll!
You kill the gnoll!
You shoot an arrow. Something hits you but does no damage.
You shoot an arrow. The arrow hits the orc.
The orc is moderately wounded.
Something hits you but does no damage.
You shoot an arrow. The arrow hits the orc.
The orc is severely wounded.
You hear a shout!
Something completely misses you.
An orc comes into view. It is wielding a +0 flail.
You hear a shout!
You shoot an arrow. The arrow hits the orc!
You kill the orc!
Something hits you.
You shoot an arrow. The arrow hits the gnoll!
The gnoll is heavily wounded.
Something hits you. Something hits you but does no damage.
You shoot an arrow.
The arrow barely misses the gnoll sergeant.
The arrow hits the gnoll.
The gnoll is almost dead.
Something hits you but does no damage. The gnoll sergeant misses you.
You shoot an arrow.
The arrow hits the gnoll sergeant but does no damage.
Something hits you but does no damage.
The gnoll sergeant hits you from afar with a +0 spear.
You shoot an arrow.
The arrow barely misses the gnoll sergeant.
The arrow hits the gnoll!
You kill the gnoll!
Something hits you.
The gnoll sergeant hits you from afar with a +0 spear!
You die...

~~###+# +..+ ~~~.# #####g'######
~~~.# ...o........ ~~~.#
........... ~~~.# g..o.g.g. ~~~.#
...g.. ~~~.# ##''## ~~~.#
#######go..# ~~~.# +...@{ggoo.+
~~###+# #######....#
~~#...#############o'''########
~~#ogo#........................
~~#####~~~~~~~~~~~~....~~~~~~~~~~
~~~~~~~~~~~~~~~~~~~....~~~~~~~~~~
~~~~~~~~~~~~~~~~~~~....~~~~~~~~~~
.P................)..............
.#.#####.##.###.#####.##..####.#


You could see a gnoll sergeant, 2 gnolls and 3 orcs.

Vanquished Creatures
  2 hounds (D:3)
  An orc wizard (D:3)
  5 gnolls (D:3)
  An adder (D:2)
  A dart slug (D:1)
  6 orcs (D:3)
  A ball python (D:1)
  4 endoplasms
  2 giant cockroaches
  5 hobgoblins
  12 jackals (D:3)
  6 kobolds
  3 quokkas
  6 bats
  4 frilled lizards
  4 goblins
  6 rats
69 creatures vanquished.

Notes
Turn   | Place    | Note
-------+----------+-------------------------------------------
     0 | D:1      | qw the Gargoyle Hunter began the quest for the Orb.
     0 | D:1      | Reached XP level 1. HP: 12/12 MP: 1/1
     0 | D:1      | 0 ||| qw: Version: 0.3-a-83-gcd0e7d8
     0 | D:1      | 0 ||| qw: Game counter: 1619
     0 | D:1      | 0 ||| qw: Melee chars always use a shield: true
     0 | D:1      | 0 ||| qw: God list: Okawaru
     0 | D:1      | 0 ||| qw: Allow faded altars: false
     0 | D:1      | 0 ||| qw: Do Orc after clearing Dungeon:15 true
     0 | D:1      | 0 ||| qw: Do second Lair branch before Depths: true
     0 | D:1      | 0 ||| qw: Lair rune preference: random
     0 | D:1      | 0 ||| qw: Goals: Normal
     0 | D:1      | 0 ||| PLANNING D:1-11
    62 | D:1      | You fall into a shaft and drop 1 floor!
   108 | D:2      | 108 ||| DROPPING scroll of butterflies.
   172 | D:1      | HP: 3/12 [hobgoblin (3)]
   174 | D:1      | Reached XP level 2. HP: 3/17 MP: 2/2
   453 | D:1      | Reached XP level 3. HP: 21/21 MP: 3/3
   485 | D:1      | Reached skill level 5 in Ranged Weapons
   735 | D:1      | 735 ||| READING scroll labelled IRO UMEGUX.
   739 | D:1      | 739 ||| READING scroll labelled WEOXETR YKHELU.
   740 | D:1      | 740 ||| READING scroll labelled USTREE QUETH.
  1349 | D:2      | 1349 ||| READING scroll labelled EBAUBR YMPIA.
  1350 | D:2      | 1350 ||| READING scroll labelled ZONGIG FOLEC.
  1401 | D:3      | Reached skill level 3 in Fighting
  1438 | D:3      | Reached XP level 4. HP: 28/28 MP: 4/4
  1443 | D:3      | 1443 ||| FLEEEEING.
  1809 | D:3      | Reached skill level 6 in Ranged Weapons
  1809 | D:3      | Reached XP level 5. HP: 20/32 MP: 5/5
  1995 | D:3      | HP: 7/33 [gnoll/+0 spear (2)]
  1996 | D:3      | 1996 ||| READING scroll of teleportation.
  2130 | D:3      | 2130 ||| RETREEAATING.
  2131 | D:3      | 2131 ||| Stepping ~*~*~tactically~*~*~ (retreating).
  2133 | D:3      | 2133 ||| STILL RETREEAATING.
  2135 | D:3      | 2135 ||| Stepping ~*~*~tactically~*~*~ (retreating).
  2148 | D:3      | Slain by a gnoll sergeant

Levels and vault maps discovered:
D:1:      heliophobic_arrival_henge, layout_loops_ring, grunt_decor_junction
D:2:      layout_loops_ring, corexii_item_surrounded_by_moat
D:3:      lemuel_castle_with_subvaults [lemuel_castle_interior_original],
          layout_loops_corners, lemuel_doored_altar,
          gammafunk_temple_overflow_wave, dreamdust_mushroom_princess

Skill      XL: |  1  2  3  4  5 |
---------------+----------------+-----
Ranged Weapons | 5 6 |  6.1
Fighting       | 3 4 |  4.0
Dodging        | |  1.5
Stealth        | |  1.1

Action                     |  1- 3 |  4- 6 || total
---------------------------+-------+-------++-------
   Fire: Shortbow          |   112 |   119 ||   231
    Use: Scroll            |     5 |     1 ||     6
 Armour: Leather armour    |    24 |    58 ||    82
  Dodge: Dodged            |    27 |    45 ||    72

Table legend:
 A = Non-vault XP
 B = Vault XP
 C = Vault XP percentage of total XP
 D = Non-vault monster count
 E = Vault monster count
 F = Vault count percentage of total count
                 A         B        C        D         E       F
            +---------+---------+-------+---------+---------+-------
      Total |     158 |     158 |  50.0 |      50 |      19 |  27.5
            +---------+---------+-------+---------+---------+-------
        D:1 |      47 |       0 |   0.0 |      28 |       0 |   0.0
        D:2 |      22 |       0 |   0.0 |       7 |       0 |   0.0
        D:3 |      89 |     158 |  64.0 |      15 |      19 |  55.9
            +---------+---------+-------+---------+---------+-------
